 Dungeon Crawl Stone Soup version 0.30-a0-50-gb2d611f6b1 (webtiles) character file.

Game seed: 10705992544956761285

11462 timneilson the Protected (level 11, -6/67 HPs)
             Began as a Gargoyle Fighter on Sept 4, 2022.
             Killed by divine providence
             ... invoked by a smoke demon
             ... summoned by a shadow demon
              (12 damage)
             ... on level 2 of the Abyss.
             The game lasted 00:26:06 (11432 turns).

timneilson the Protected (Gargoyle Fighter)        Turns: 11432, Time: 00:26:06

Health: -6/67      AC: 38    Str: 26    XL:     11   Next: 78%
Magic:  8/12       EV: 14    Int:  9    God:
Gold:   631        SH: 12    Dex: 13    Spells: 10/10 levels left

rFire   . . .      SeeInvis .    a - +1 long sword (vorpal)
rCold   + . .      Faith    .    c - +1 buckler
rNeg    + . .      Spirit   .    f - +4 chain mail
rPois   ∞          Reflect  +    e - +1 hat "Pone" {Str+2 Dex+4}
rElec   +          Harm     .    y - +0 cloak
rCorr   .          Rampage  .    m - +0 pair of gloves
Will    .....                    L - +1 pair of boots
Stlth   ..........               n - amulet of reflection
HPRegen 0.21/turn                i - +4 ring of evasion
MPRegen 0.13/turn                o - ring of the Tortoise {AC+8}

@: no status effects
A: sickness immunity, AC +8, negative energy resistance 1, electricity
resistance, torment resistance 1, petrification resistance, cold resistance 1,
high MP 1, wild magic 1
a: no special abilities


You were on level 2 of the Abyss.
You visited 2 branches of the dungeon, and saw 11 of its levels.
You visited the Abyss 1 time.
You also visited: Ossuary and Bailey.

You collected 631 gold pieces.

Inventory:

Hand Weapons
 a - a +1 vorpal long sword (weapon)
Missiles
 r - a throwing net (quivered)
Armour
 c - a +1 buckler (worn)
 e - the +1 hat "Pone" (worn) {Str+2 Dex+4}
   (You acquired it on level 1 of the Dungeon)

   Str:       It affects your strength (+2).
   Dex:       It affects your dexterity (+4).
 f - a +4 chain mail (worn)
 m - a +0 pair of gloves (worn)
 y - a +0 cloak (worn)
 L - a +1 pair of boots (worn)
Jewellery
 i - a +4 ring of evasion (left hand)
 k - a +6 ring of dexterity
 n - an amulet of reflection (around neck)
 o - the ring of the Tortoise (right hand) {AC+8}
   (You found it on level 2 of the Dungeon)

   [ring of protection]

   AC:        It affects your AC (+8).
 u - a ring of see invisible
 v - a ring of ice
 w - a ring of protection from cold
 J - a +4 ring of protection
Wands
 b - a wand of flame (27)
 d - a wand of digging (2)
 q - a wand of quicksilver (13)
Scrolls
 j - 2 scrolls of fear
 p - 3 scrolls of enchant armour
 s - a scroll of brand weapon
 t - a scroll of butterflies
 x - 2 scrolls of identify
 z - 5 scrolls of blinking
 B - a scroll of summoning
 G - 4 scrolls of teleportation
 I - 3 scrolls of magic mapping
 K - a scroll of silence {unknown}
Potions
 g - 7 potions of curing
 h - a potion of might
 l - 5 potions of flight
 A - 12 potions of ambrosia
 C - a potion of haste
 D - 4 potions of cancellation
 E - a potion of brilliance
 F - 3 potions of attraction
 H - a potion of resistance


   Skills:
 + Level 7.4 Fighting
 * Level 8.3 Long Blades
 * Level 10.2 Armour
 + Level 5.0 Dodging
 * Level 10.2 Shields
 + Level 5.1 Evocations


You had 10 spell levels left.
You didn't know any spells.
Your spell library contained the following spells:

 Spells                   Type           Power      Damage    Failure   Level
 Static Discharge         Conj/Air       0%         3-3/arc   99%         2
 Cause Fear               Hex            0%         N/A       100%        4
 Lightning Bolt           Conj/Air       0%         1d11      100%        5
 Dispersal                Tloc           0%         N/A       100%        6
 Dragon Form              Tmut           0%         N/A       100%        7
 Disjunction              Tloc           0%         N/A       100%        8
 Maxwell's Capacitive Co  Air            0%         ∞         100%        8
 Dragon's Call            Summ           0%         N/A       100%        9


Dungeon Overview and Level Annotations

Branches:
Dungeon (10/15)            Temple (1/1) D:5            Lair (0/5) D:8
Ossuary (visited)          Bailey (visited)
    Orc: D:9-12

Altars:
Cheibriados
Dithmenos
Elyvilon
Gozag
Hepliaklqana
Kikubaaqudgha
Makhleb
Nemelex Xobeh
Qazlal
Ru
Sif Muna
Trog
Uskayaw
Vehumet
Wu Jian
Xom
Yredelemnul
Zin
The Shining One

Shops:
D:8 *

Annotations:
D:9 Erolcha


Innate Abilities, Weirdness & Mutations

You are immune to sickness and miasma.
Your stone body is resilient. (AC +8)
You are immune to poison.
You resist negative energy. (rN+)
You are resistant to electric shocks. (rElec)
You are resistant to unholy torment.
You are immune to petrification.
Your flesh is cold resistant. (rC+)
You have an increased reservoir of magic. (+10% MP)
Your spells are a little harder to cast, but a little more powerful.


Message History

The shadow demon closely misses you.
You block the great orb of eyes's attack.
The flying skull hits you but does no damage.
You block the flying skull's attack.
The flying skull gives a hideous shriek!
You hit the great orb of eyes but do no damage.
The great orb of eyes is almost dead.
You hear a shout! x2
You block the flying skull's attack. x2; The flying skull barely misses you.
The shadow demon barely misses you.
The great orb of eyes closely misses you.
You block the flying skull's attack.
The flying skull hits you but does no damage.
The flying skull barely misses you.
You hit the great orb of eyes but do no damage.
The great orb of eyes is almost dead.
You block the flying skull's attack. The shadow demon hits you.
The flying skull hits you but does no damage.
The great orb of eyes bites you but does no damage.
The flying skull hits you.
* * * LOW HITPOINT WARNING * * *
You hit the great orb of eyes but do no damage.
The great orb of eyes is almost dead.
You block the flying skull's attack.
The flying skull hits you but does no damage. x2
The shadow demon barely misses you.
You block the great orb of eyes's attack.
The flying skull hits you but does no damage.
The flying skull hits you!
* * * LOW HITPOINT WARNING * * *
You block the flying skull's attack.
You hit the great orb of eyes.
The great orb of eyes is almost dead.
The flying skull barely misses you. You block the shadow demon's attack.
You block the flying skull's attack.
The great orb of eyes completely misses you.
The flying skull barely misses you. The smoke demon gestures at you.
Something smites you!
You die... ##### #2@z# #.zzzGz.# .....#z3.## .:#. ####. # # ##

You could see a great orb of eyes, a shadow demon, a smoke demon (summoned) and 6 flying skulls.

Vanquished Creatures
  2 vault guards (Bailey)
  Pikel (D:5)
  Maurice (D:8)
  2 trolls
  A queen bee (D:10)
  A hornet (D:10)
  Prince Ribbit (Bailey)
  2 shadows (D:10)
  A wyvern (D:7)
  11 yaks
  Eustachio (D:5)
  4 humans (Bailey)
  4 water moccasins
  Duvessa (D:4)
  An acid dragon (D:9)
  Edmund (D:4)
  An orc warrior (D:7)
  5 black bears
  A sky beast (D:8)
  4 centaurs
  2 phantoms
  2 kobold brigands
  2 gnoll sergeants
  14 bullfrogs
  A water moccasin zombie (Ossuary)
  2 scorpions
  Dowan (D:4)
  33 killer bees
  5 howler monkeys
  2 hounds
  3 jellies
  3 orc priests
  A gnoll bouda (D:8)
  Jessica (D:3)
  3 iguanas
  6 orc wizards
  2 mummies (Ossuary)
  10 gnolls
  9 adders
  A shadow imp (D:7)
  2 ufetubi (D:6)
  4 adder zombies (Ossuary)
  3 worms
  A dart slug (D:1)
  12 orcs
  7 ball pythons
  10 endoplasms
  A giant cockroach (D:4)
  6 goblins
  12 hobgoblins
  7 jackals
  4 quokkas
  5 bats
  7 frilled lizards
  5 gnoll zombies (Ossuary)
  6 hobgoblin zombies (Ossuary)
  22 kobolds
  3 kobold zombies (Ossuary)
  3 orc zombies (Ossuary)
  A quokka zombie (D:7)
  5 rats
  A rat zombie (D:7)
  A spectral kobold (D:7)
277 creatures vanquished.

Vanquished Creatures (others)
  24 fungi (D:8)
  47 plants
71 creatures vanquished.

Grand Total: 348 creatures vanquished

Notes
Turn   | Place    | Note
-------+----------+-------------------------------------------
     0 | D:1      | timneilson the Gargoyle Fighter began the quest for the
                  | Orb.
     0 | D:1      | Reached XP level 1. HP: 14/14 MP: 1/1
   303 | D:1      | Reached XP level 2. HP: 9/19 MP: 2/2
   653 | D:1      | Found a faded altar of an unknown god.
  1174 | D:1      | Reached XP level 3. HP: 11/23 MP: 3/3
  1543 | D:1      | Identified a scroll of acquirement
  1543 | D:1      | Acquired the +1 hat "Pone" {Str+2 Dex+4}
  2573 | D:2      | Reached XP level 4. HP: 28/28 MP: 4/4
  2616 | D:2      | Found the ring of the Tortoise {AC+8}
  3048 | D:3      | Found a basalt altar of Yredelemnul.
  3324 | D:3      | Noticed a centaur
  3345 | D:3      | Killed a centaur
  3346 | D:3      | Reached skill level 1 in Dodging
  3346 | D:3      | Reached XP level 5. HP: 20/33 MP: 5/5
  3770 | D:3      | Noticed Jessica
  3775 | D:3      | Killed Jessica
  4148 | D:4      | Noticed Edmund
  4158 | D:4      | Killed Edmund
  4159 | D:4      | Reached skill level 1 in Evocations
  4159 | D:4      | Reached XP level 6. HP: 32/38 MP: 6/6
  4218 | D:4      | Reached skill level 5 in Armour
  4279 | D:4      | Reached XP level 7. HP: 19/43 MP: 7/7
  4491 | D:4      | Reached skill level 5 in Shields
  4919 | D:5      | Entered Level 5 of the Dungeon
  4919 | D:5      | Found a staircase to the Ecumenical Temple.
  4924 | D:5      | Noticed Pikel
  4927 | Temple   | Entered the Ecumenical Temple
  5022 | D:5      | Killed Pikel
  5023 | D:5      | Reached XP level 8. HP: 47/48 MP: 8/8
  5071 | D:5      | Noticed Dowan
  5074 | D:5      | Noticed Duvessa
  5214 | D:5      | Gained mutation: You are frail. (-10% HP) [potion of
                  | mutation]
  5214 | D:5      | Gained mutation: Your magical capacity is low. (-10% MP)
                  | [potion of mutation]
  5214 | D:5      | Gained mutation: You are clumsy. (Dex -2) [potion of
                  | mutation]
  5214 | D:5      | Gained mutation: You passively dampen the noise of your
                  | surroundings. [potion of mutation]
  5218 | D:4      | HP: 1/43 [Duvessa/+2 short sword of flaming (2)]
  5229 | D:4      | HP: 2/43 [Dowan/puff of frost (9)]
  5242 | D:4      | Killed Duvessa
  5251 | D:4      | Killed Dowan
  5440 | D:5      | Noticed Eustachio
  5458 | D:5      | Killed Eustachio
  6055 | D:5      | Reached skill level 5 in Fighting
  6184 | D:5      | Reached skill level 5 in Long Blades
  6362 | D:5      | Found a stormy altar of Qazlal.
  6572 | D:5      | Reached XP level 9. HP: 48/48 MP: 8/8
  6883 | D:6      | Found a glowing silver altar of Zin.
  6884 | D:6      | Noticed an angel
  7833 | D:7      | Found a hazy altar of Hepliaklqana.
  7937 | D:7      | Found a sand-covered staircase.
  7944 | Ossuary  | Entered an ossuary
  8147 | Ossuary  | Lost mutation: You passively dampen the noise of your
                  | surroundings. [potion of mutation]
  8147 | Ossuary  | Lost mutation: Your magical capacity is low. (-10% MP)
                  | [potion of mutation]
  8147 | Ossuary  | Lost mutation: You are frail. (-10% HP) [potion of
                  | mutation]
  8147 | Ossuary  | Gained mutation: You have a pair of small antennae on your
                  | head. [potion of mutation]
  8147 | Ossuary  | Gained mutation: You are weak. (Str -2) [potion of
                  | mutation]
  8147 | Ossuary  | Gained mutation: Your spells are a little harder to cast,
                  | but a little more powerful. [potion of mutation]
  8770 | D:8      | Reached XP level 10. HP: 35/60 MP: 10/10
  8808 | D:8      | Found a staircase to the Lair.
  9084 | D:8      | Found a flagged portal.
  9097 | Bailey   | Entered a bailey
  9447 | Bailey   | Noticed a vault guard
  9463 | Bailey   | Killed a vault guard
  9464 | Bailey   | Reached XP level 11. HP: 52/66 MP: 11/11
  9484 | Bailey   | Noticed a vault guard
  9484 | Bailey   | Noticed Prince Ribbit
  9496 | Bailey   | Killed Prince Ribbit
  9503 | Bailey   | Killed a vault guard
  9799 | D:8      | Noticed Maurice
  9815 | D:8      | Killed Maurice
  9826 | D:8      | Lost mutation: You are weak. (Str -2) [potion of mutation]
  9826 | D:8      | Lost mutation: You are clumsy. (Dex -2) [potion of
                  | mutation]
  9826 | D:8      | Lost mutation: You have a pair of small antennae on your
                  | head. [potion of mutation]
  9826 | D:8      | Gained mutation: Your flesh is cold resistant. (rC+)
                  | [potion of mutation]
  9826 | D:8      | Gained mutation: You have an increased reservoir of magic.
                  | (+10% MP) [potion of mutation]
  9890 | D:8      | Found Butsir's Assorted Antiques.
 10033 | D:8      | Identified the +11 war axe of Cocytus {chaos, Will+}
 10088 | D:8      | Found a glowing golden altar of the Shining One.
 10088 | D:8      | Found an ornate altar of the Wu Jian Council.
 10088 | D:8      | You fall into a shaft and drop 2 floors!
 10088 | D:10     | Entered Level 10 of the Dungeon
 10392 | D:10     | Reached skill level 10 in Shields
 10395 | D:10     | Reached skill level 10 in Armour
 10403 | D:10     | Reached skill level 5 in Evocations
 11018 | D:9      | Reached skill level 5 in Dodging
 11407 | D:9      | Noticed Erolcha
 11412 | Abyss:2  | Noticed a great orb of eyes
 11412 | Abyss:2  | Noticed a shadow demon
 11412 | Abyss:2  | Cast into level 2 of the Abyss (Erolcha)
 11432 | Abyss:2  | Killed from afar by a smoke demon

Illustrated notes

Levels and vault maps discovered:
D:1:      dpeg_arrival_erosion, layout_loops_cross,
          dilly_ecumenical_altar_fadedgnrine, minmay_pentomino_x2
D:2:      layout_basic, corexii_item_surrounded_by_moat, st_stairs_11,
          dk_vineyard_1
D:3:      layout_loops_cross, mainiacjoe_overflow_catwalk,
          serial_bayou_lagoon_a, uniq_jessica
D:4:      layout_rooms, feat_on_display, uniq_edmund
D:5:      cheibrodos_thug_alley, layout_basic, mainiacjoe_overflow_chevrons,
          minmay_temple_entry_mini_moons, uniq_duvessa, uniq_eustachio,
          uniq_pikel
D:6:      layout_loops_corners, zin_angel, minmay_bent
D:7:      layout_rooms, nicolae_hepliaklqana_monster_ancestors, enter_ossuary_4
D:8:      layout_basic, gammafunk_temple_overflow_pools,
          due_lair_maze_entry_diamond, enter_bailey_8, serial_shops,
          shop_statue, uniq_maurice
D:9:      layout_loops_ring, gammafunk_temple_overflow_claw, uniq_erolcha
D:10:     layout_rooms, special_room [special_room_bee]
Temple:   nicolae_temple_ecumenical_triangle
Abyss:2:  base: D:5, evilmike_abyss_exit_17, hangedman_abyss_lost_library

Skill      XL: |  1  2  3  4  5  6  7  8  9 10 11 |
---------------+----------------------------------+-----
Long Blades    | 2 3 4 5 6 7 8 |  8.3
Armour         | 4 5 6 8 9 10 | 10.2
Shields        | 4 5 6 7 9 10 | 10.2
Dodging        | 1 2 3 4 5 |  5.0
Fighting       | 4 5 6 7 |  7.4
Evocations     | 1 2 3 4 5 |  5.1

Action                   |  1- 3 |  4- 6 |  7- 9 | 10-12 || total
-------------------------+-------+-------+-------+-------++-------
Melee: Long sword        |   155 |   124 |   561 |   773 ||  1613
Evoke: Wand              |       |       |     3 |     4 ||     7
  Use: Scroll            |     8 |     2 |     8 |     1 ||    19
       Potion            |       |     1 |    12 |     4 ||    17
 Stab: Invisible         |       |       |     2 |       ||     2
       Sleeping          |       |       |       |     1 ||     1
Armor: Scale mail        |    73 |    23 |       |       ||    96
       Chain mail        |       |    34 |   308 |   427 ||   769
Dodge: Dodged            |    72 |    74 |   338 |   487 ||   971
Block: Buckler           |    35 |    40 |   197 |   474 ||   746
       Reflection        |       |       |       |     1 ||     1

Table legend: (Time is in decaauts)
 A = Elapsed time spent in this place.
 B = Non-inter-level travel time spent in this place.
 C = Inter-level travel time spent in this place.
 D = Time resting spent in this place.
 E = Time spent auto-exploring this place.
 F = Levels seen in this place.
 G = Mean time per level.
                   A        B        C        D        E       F      G
               +--------+--------+--------+--------+--------+-----+--------+
         Total |  11674 |  11398 |    276 |    433 |   7506 |  14 |  833.9 |
       Dungeon |  10926 |  10662 |    264 |    304 |   7373 |  10 | 1092.6 |
        Temple |     73 |     61 |     12 |      0 |     48 |   1 |   73.0 |
         Abyss |     20 |     20 |      0 |      0 |      0 |   1 |   20.0 |
       Ossuary |    224 |    224 |      0 |      0 |     85 |   1 |  224.0 |
        Bailey |    429 |    429 |      0 |    129 |      0 |   1 |  429.0 |
               +--------+--------+--------+--------+--------+-----+--------+

Top non-repeatable levels by time:
     D:1: 1604 daAuts
     D:5: 1550 daAuts
     D:2: 1505 daAuts
     D:8: 1333 daAuts
     D:6: 1153 daAuts
     D:3: 1100 daAuts
     D:4: 970 daAuts
     D:7: 728 daAuts
    D:10: 699 daAuts
  Bailey: 429 daAuts
     D:9: 280 daAuts
 Ossuary: 224 daAuts
  Temple: 73 daAuts
 Abyss:2: 20 daAuts
